Map: Traitor's Exile

Players

OpuS

  • Race: Protoss Protoss
  • League: Diamond
  • Spawn Location: 6:00

Sketchaphone

  • Race: Zerg Zerg
  • League: Gold
  • Spawn Location: 5:00

CplHudson - Winner!

  • Race: Terran Terran
  • League: Gold
  • Spawn Location: 12:00

Arkool - Winner!

  • Race: Protoss Protoss
  • League: Platinum
  • Spawn Location: 9:00

VOD

Have the link to the VOD?

Description

Time

  • Played on: Jan. 8, 2019, 8:34 p.m.
  • Length: 14:52
Show
View Real Time Build Order
Export as new Build Order

OpuS Protoss 

Build Orders:  

Get SALT Encoding   

  12  0:01  Probe  
  13  0:13  Probe  
  14  0:19  Pylon  
  14  0:25  Probe  
  15  0:34  Probe  
  16  0:43  Gateway  
  16  0:45  Probe  
  17  1:02  Probe, Assimilator  
  18  1:19  Probe  
  19  1:30  Probe  
  19  1:32  Cybernetics Core  
  19  1:38  Probe  
  20  1:47  Gateway  
  21  1:53  Pylon  
  21  1:56  Probe  
  21  2:11  Stalker  
  21  2:12  Probe  
  21  2:14  Warp Gate, Assimilator  
  24  2:17  Pylon  
  24  2:35  Adept  
  24  2:38  Adept  
  24  2:43  Pylon  
  28  2:46  Pylon  
  28  2:59  Shield Battery  
  28  3:05  Adept, Shield Battery  
  27  3:07  Shield Battery  
  27  3:09  Pylon, Adept  
    3:48  Probe  
  1  4:24  Probe  
Show
View Real Time Build Order
Export as new Build Order

Sketchaphone Zerg 

Build Orders: Pool First 

Get SALT Encoding   

  12  0:01  Drone  
  13  0:12  Overlord  
  13  0:19  Drone  
  14  0:31  Drone x2  
  16  0:42  Drone  
  17  1:11  Spawning Pool  
  17  1:12  Drone  
  17  1:14  Hatchery  
  17  1:15  Drone  
  17  1:20  Extractor  
  16  1:31  Drone  
  17  1:38  Drone  
  18  1:47  Drone, Overlord  
  19  1:57  Drone  
  19  1:58  Queen  
  22  2:06  Zergling x2  
  23  2:18  Zergling x2  
  24  2:27  Overlord  
  24  2:28  Queen  
  26  2:37  Metabolic Boost  
  26  2:43  Baneling Nest  
  25  2:47  Zergling x4  
  27  2:53  Zergling x4  
  29  3:01  Zergling x6  
  32  3:17  Zergling x6  
  33  3:40  Zergling x2  
  34  3:42  Baneling x4, Overlord  
  34  3:43  Drone x2, Overlord  
  30  4:15  Drone x2, Overlord  
  30  4:16  Drone  
  33  4:17  Zergling x4  
  35  4:29  Zergling x4  
  37  4:37  Zergling x2  
  36  4:38  Zergling x2  
  35  4:52  Zergling x10  
  39  5:11  Zergling x6  
  42  5:20  Zergling x4  
  42  5:21  Evolution Chamber  
  42  5:23  Evolution Chamber  
  42  5:27  Hatchery  
  39  5:31  Roach Warren  
  38  5:36  Zergling x12  
  43  5:57  Zergling x2  
  43  5:58  Zerg Ground Armor Level 1  
  43  6:00  Zerg Melee Weapons Level 1  
  42  6:05  Spine Crawler  
  42  6:08  Overlord  
  41  6:11  Roach  
  41  6:15  Drone  
  43  6:39  Overlord x2  
  42  6:41  Overlord  
  42  6:42  Roach  
  42  6:44  Roach  
  45  6:59  Roach  
  46  7:07  Lair  
  46  7:08  Drone x3  
  49  7:19  Roach x2  
  53  7:32  Drone x2  
  53  7:33  Drone x2  
  53  7:34  Drone  
  58  7:37  Drone  
  59  7:47  Zergling x4  
  59  7:51  Roach x2  
  65  7:54  Roach  
  67  7:59  Zerg Missile Weapons Level 1  
  67  8:02  Drone  
  68  8:14  Glial Reconstitution  
  68  8:17  Roach x2  
  68  8:18  Roach  
  74  8:29  Drone  
  74  8:30  Roach x2, Overlord  
  77  8:34  Roach  
  79  8:41  Roach  
  79  8:42  Drone x2  
  81  8:51  Roach  
  81  8:54  Extractor  
  82  9:14  Overlord  
  82  9:19  Drone  
  82  9:20  Drone x2  
  82  9:23  Extractor  
  84  9:24  Drone x2, Overlord  
  84  9:25  Zergling x2  
  84  9:26  Overlord x2  
  84  9:27  Roach  
  89  9:40  Roach, Overlord  
  89  9:41  Overlord  
  89  9:42  Roach x3  
  96  9:50  Extractor  
  94  10:00  Hatchery  
  94  10:04  Roach  
  94  10:05  Ravager  
  94  10:06  Ravager x2  
  98  10:08  Roach  
  100  10:25  Overlord x2  
  100  10:26  Roach  
  100  10:27  Roach x2  
  106  10:32  Roach x2  
  106  10:33  Roach  
  105  11:05  Hydralisk Den  
  105  11:06  Zerg Missile Weapons Level 2  
  104  11:19  Queen  
  104  11:21  Roach x2  
  104  11:22  Roach  
  108  11:26  Roach, Overlord x2  
  108  11:27  Hydralisk Den  
  108  11:31  Drone x4  
  108  11:32  Overlord  
  109  11:36  Ravager  
  109  11:37  Ravager  
  109  11:38  Ravager  
  111  11:42  Ravager  
  111  11:48  Overlord  
  111  11:49  Hydralisk  
  113  11:57  Pneumatized Carapace  
  113  12:04  Drone  
  113  12:05  Drone x2  
  83  12:26  Zerg Ground Armor Level 2  
  83  12:28  Grooved Spines  
  74  12:35  Drone  
  74  12:36  Drone x9  
  80  12:40  Extractor  
  80  12:41  Extractor  
  80  12:42  Hydralisk  
  75  12:46  Hydralisk  
  71  12:54  Overlord  
  71  13:01  Overseer  
  71  13:04  Spore Crawler  
  64  13:27  Hydralisk x2  
  64  13:28  Hydralisk x3  
  74  13:35  Queen  
  74  13:40  Drone x2  
  78  13:44  Overlord  
  78  13:45  Drone x3  
  78  13:47  Drone  
  82  13:51  Drone  
  83  13:58  Hydralisk  
  83  13:59  Hydralisk  
  87  14:06  Hydralisk  
  87  14:07  Hydralisk  
  87  14:08  Roach  
  87  14:09  Roach  
  94  14:20  Lurker Den  
  94  14:21  Overseer  
  94  14:24  Hydralisk x3  
Show
View Real Time Build Order
Export as new Build Order

CplHudson Terran - Winner!

Build Orders:  

Get SALT Encoding   

  12  0:02  SCV  
  13  0:14  SCV  
  13  0:19  Supply Depot  
  14  0:26  SCV  
  15  0:42  Barracks  
  15  0:49  Barracks  
  15  1:02  Barracks  
  15  1:22  Barracks  
  15  1:27  SCV  
  15  1:30  Marine  
  17  1:38  Marine  
  18  1:41  Supply Depot  
  18  1:48  Marine  
  18  1:49  Marine  
  20  1:58  Marine  
  21  2:05  Marine  
  21  2:06  Marine  
  23  2:10  Marine  
  24  2:15  Marine  
  24  2:21  SCV  
  26  2:23  Marine  
  26  2:25  Supply Depot  
  26  2:27  Marine  
  26  2:28  Marine  
  29  2:42  Marine x2  
  31  2:47  SCV, Marine  
  31  2:49  Supply Depot  
  33  3:06  Marine x2  
  33  3:07  Marine  
  35  3:25  Marine x3  
  28  4:04  Marine x4  
  28  4:06  SCV  
  29  4:18  SCV  
  29  4:22  Marine x4  
  34  4:29  Refinery  
  35  4:31  Refinery  
  35  4:32  Orbital Command  
  34  4:39  Marine  
  34  4:40  Marine x3  
  35  4:57  Marine  
  33  5:12  Marine x2  
  33  5:13  Marine  
  35  5:15  Marine  
  36  5:26  SCV  
  37  5:30  Marine x3  
  40  5:38  SCV  
  40  5:50  SCV  
  41  6:02  SCV  
  39  6:13  Factory  
  39  6:14  SCV  
  40  6:19  Bunker  
  40  6:21  Bunker  
  40  6:22  Marine x4  
  42  6:40  Marine x2  
  44  6:47  Marine  
  43  6:58  Marine x2  
  43  7:01  Factory Tech Lab  
  45  7:07  Marine x2  
  47  7:11  Starport x2  
  47  7:16  Command Center  
  47  7:24  Marine  
  47  7:25  Siege Tank  
  47  7:26  Supply Depot  
  47  7:28  Supply Depot  
  51  7:35  SCV  
  52  7:45  Engineering Bay  
  52  7:47  SCV  
  53  7:52  Starport Tech Lab  
  53  7:57  Widow Mine  
  55  8:01  Starport Tech Lab  
  55  8:06  Supply Depot  
  51  8:47  Bunker  
  51  9:08  SCV  
  51  9:13  Missile Turret  
  51  9:19  Missile Turret  
  51  9:20  SCV  
  51  9:21  Missile Turret  
  51  9:22  Bunker  
  52  9:32  SCV, Marine x2  
  52  9:34  Siege Tank  
  58  9:50  Marine x2  
  58  9:52  Barracks  
  60  9:53  Barracks  
  59  10:05  Planetary Fortress  
  59  10:06  SCV, Siege Tank  
  63  10:18  SCV  
  64  10:30  SCV  
  65  10:36  Missile Turret  
  65  10:39  Widow Mine  
  67  10:42  SCV  
  67  10:53  Barracks  
  67  10:54  SCV  
  68  11:00  Widow Mine  
  70  11:07  SCV  
  70  11:09  SCV  
  72  11:13  Marine  
  72  11:14  Marine x3  
  74  11:19  SCV  
  74  11:21  SCV, Widow Mine  
  78  11:31  SCV, Marine  
  80  11:34  SCV  
  81  11:47  SCV x2  
  81  11:48  Marine x2  
  81  11:49  Marine  
  81  11:50  Barracks Tech Lab  
  81  11:51  Banshee  
  81  11:52  Banshee  
  92  11:55  Cloaking Field  
  92  11:59  SCV x2  
  94  12:03  Refinery  
  94  12:04  Refinery  
  94  12:14  Marine  
  94  12:15  Marine  
  94  12:16  SCV  
  94  12:22  Marine  
  77  12:23  Marine  
  74  12:32  Marine  
  74  12:33  Marine  
  74  12:34  Banshee  
  79  12:40  Marine  
  79  12:41  Marauder  
  82  12:50  Marine  
  82  12:51  Marine  
  83  12:53  Command Center  
  83  12:54  Supply Depot  
  83  12:57  Supply Depot  
  83  12:58  Supply Depot, Marine  
  84  13:02  Marauder, Supply Depot  
  87  13:24  Marauder  
  89  13:32  Marine x2  
  89  13:33  Marine  
  92  13:35  Marine  
  92  13:40  Medivac x2  
  97  13:45  Marauder, SCV x2  
  97  13:47  Supply Depot  
  101  13:50  Marine x2  
  101  13:51  Marine  
  101  13:53  Marine  
  105  13:57  Hellion  
  107  14:06  Marine  
  107  14:08  Marine x3  
  111  14:10  Medivac  
  113  14:18  Hellion  
  115  14:24  Marauder  
Show
View Real Time Build Order
Export as new Build Order

Arkool Protoss - Winner!

Build Orders:  

Get SALT Encoding   

  12  0:01  Probe  
  13  0:13  Probe  
  14  0:25  Probe  
  14  0:26  Pylon  
  15  0:44  Gateway, Probe  
  16  0:56  Probe  
  17  1:08  Probe  
  18  1:13  Gateway  
  18  1:21  Probe  
  19  1:31  Zealot  
  19  1:32  Gateway  
  21  1:58  Zealot  
  23  2:06  Pylon  
  23  2:10  Assimilator  
  23  2:22  Gateway  
  23  2:23  Zealot  
  23  2:24  Zealot  
  23  2:29  Zealot  
  29  2:50  Pylon, Probe  
  30  3:08  Zealot x3  
  30  3:34  Zealot  
  30  3:35  Zealot  
  30  4:03  Zealot x3  
  36  4:14  Zealot  
  38  4:18  Cybernetics Core  
  38  4:20  Assimilator  
  38  4:29  Probe  
  39  4:33  Pylon  
  39  4:38  Pylon  
  39  4:51  Probe, Zealot x3  
  46  4:56  Zealot  
  46  5:18  Zealot  
  40  5:23  Zealot  
  42  5:29  Stalker  
  42  5:30  Stalker  
  46  5:38  Forge  
  46  5:42  Shield Battery  
  46  5:43  Warp Gate  
  46  5:46  Nexus  
  40  6:15  Zealot, Sentry  
  40  6:16  Zealot  
  40  6:17  Zealot  
  42  6:42  Pylon  
  40  6:56  Stalker x2  
  40  7:14  Probe  
  40  7:21  Stalker  
  42  7:26  Stalker  
  43  7:38  Zealot  
  43  7:40  Zealot  
  47  7:47  Stargate  
  47  8:02  Nexus  
  47  8:07  Zealot  
  47  8:09  Zealot  
  47  8:10  Sentry  
  53  8:22  Pylon  
  53  8:25  Assimilator  
  53  8:31  Pylon  
  53  8:47  Pylon  
  53  8:51  Stalker x2  
  53  8:52  Zealot  
  59  8:59  Protoss Ground Weapons Level 1  
  59  9:15  Probe  
  59  9:23  Probe  
  60  9:30  Twilight Council  
  61  9:33  Probe  
  60  9:40  Stalker  
  62  9:47  Probe  
  63  9:59  Probe  
  64  10:16  Stalker  
  64  10:17  Stalker x3  
  72  10:32  Stargate  
  72  10:39  Assimilator  
  72  10:42  Protoss Air Weapons Level 1  
  72  10:51  Probe  
  73  10:59  Probe  
  73  11:03  Stargate  
  74  11:06  Charge  
  74  11:09  Probe  
  75  11:21  Probe  
  76  11:33  Probe  
  76  11:39  Void Ray x2  
  85  11:45  Probe  
  86  11:54  Void Ray  
  90  12:02  Probe  
  79  12:14  Probe  
  58  12:54  Void Ray x3  
  70  13:08  Stalker x3  
  76  13:46  Void Ray x2  
  84  13:52  Pylon  
  84  13:53  Probe  
Tags
 
Add a new tag
Caveats
  • Supply blocks, unpowered buildings, or Contaminate may cause inaccurate times.
  • Supply counts are checked every 10 seconds.